AoeStats
← Kiritastrich

Arabia

506716369Analyzed
1v1 RM · 17d ago on Sep 14, 2026· 23m 52s· 2 players
Game mode
Random Map
Map size
Tiny (2 player)
Population
200
Speed
Normal
Resources
Standard
Victory
Conquest
Starting age
Dark Age
Ending age
Imperial Age
RankedLock teamsTeams togetherTeam positionsShared explorationLock speedFull tech treeHidden civsTurbo modeCheats
Victory
Defeat
🇷🇺 Shu · Russia
1840
+15
🇪🇸 Malians · Spain
1813
-15
TdB.holland89
7:09 Loom
9:58 Feudal Age
14:21 Castle Age
13:56 Double-Bit Axe
18:47 Town Watch
Kiritastrich
6:06 Loom
9:07 Feudal Age
9:55 Double-Bit Axe
17:04 Castle Age
15:31 Fletching
17:43 Bodkin Arrow
17:12 Crossbowman
21:33 Ballistics
Connection lost

Rejoining the realm…

Still unreachable

The connection could not be restored.

Session expired

The server has moved on; the page needs a fresh start.